 Dungeon Crawl Stone Soup version 0.32-a0-933-ga8fa3634e4 (webtiles) character file.

Game seed: 14310903317248253469

368 Pim the Grasshopper (level 6, 51/51 HPs)
             Began as a Gnoll Warper on Apr 14, 2024.
             Quit the game in the Ecumenical Temple.
             The game lasted 00:09:09 (3828 turns).

Pim the Grasshopper (Gnoll Warper)                  Turns: 3828, Time: 00:09:10

Health: 51/51      AC:  3    Str: 12    XL:     6   Next: 69%
Magic:  14/14      EV: 12    Int: 12    God:
Gold:   119        SH:  0    Dex: 12    Spells: 5/15 levels left

rFire   . . .        a - +2 dagger (venom)
rCold   . . .        (no shield)
rNeg    . . .        A - +0 leather armour
rPois   .            (helmet currently unavailable)
rElec   .            (cloak currently unavailable)
rCorr   .            (gloves currently unavailable)
SInv    .            (boots currently unavailable)
Will    .....        l - amulet of magic regeneration
Stlth   ++           (no ring)
HPRegen 0.28/turn    (no ring)
MPRegen 0.54/turn

%: no passive effects
@: beast-form
A: beast (slay +1), fangs 1, strong nose, distributed training
a: Begin Untransformation


You were in the Ecumenical Temple.
You were a hulking beast.
You visited 2 branches of the dungeon, and saw 5 of its levels.

You collected 162 gold pieces.
You spent 43 gold pieces at shops.

Inventory:

Hand Weapons
 a - a +2 dagger of venom (weapon)
 b - a +4 heavy halberd
 i - a +0 dagger of protection
 q - a +0 hand axe
Missiles
 d - 6 darts of dispersal (quivered)
 e - 12 boomerangs
 p - 5 javelins
 r - 6 poisoned darts
 v - a throwing net
Armour
 A - a +0 leather armour (worn)
Magical Staves
 h - a staff of death
Jewellery
 l - an amulet of magic regeneration (around neck)
 y - a ring of fire
Talismans
 o - a beast talisman (active)
Wands
 s - a wand of polymorph (11)
Scrolls
 c - 2 scrolls of blinking
 j - a scroll of summoning {unknown}
 k - a scroll of amnesia
 m - a scroll of immolation {unknown}
 n - 2 scrolls of identify
 u - a scroll of noise {unknown}
 w - a scroll of teleportation {unknown}
 B - a scroll of revelation {unknown}
Potions
 f - a potion of lignification {unknown}
 g - a potion of resistance {unknown}
 t - a potion of mutation {unknown}
 z - a potion of ambrosia {unknown}
 C - a potion of might {unknown}
 D - a potion of enlightenment {unknown}


   Skills:
 + Level 5.1 Fighting
 + Level 2.1 Short Blades
 + Level 2.1 Long Blades
 + Level 5.1 Axes
 + Level 2.1 Maces & Flails
 + Level 2.1 Polearms
 + Level 2.1 Staves
 + Level 2.1 Ranged Weapons
 + Level 3.4 Throwing
 + Level 3.4 Armour
 + Level 5.1 Dodging
 + Level 2.1 Stealth
 + Level 2.1 Shields
 + Level 2.1 Unarmed Combat
 + Level 5.4 Spellcasting
 + Level 1.7 Conjurations
 + Level 1.7 Hexes
 + Level 1.7 Summonings
 + Level 1.7 Necromancy
 + Level 5.7 Translocations
 + Level 1.7 Fire Magic
 + Level 1.7 Ice Magic
 + Level 1.7 Air Magic
 + Level 1.7 Earth Magic
 + Level 1.7 Alchemy
 + Level 2.4 Invocations
 + Level 2.1 Evocations
 + Level 2.0 Shapeshifting


You had 5 spell levels left.
You knew the following spells:

 Your Spells              Type           Power      Damage    Failure   Level
a - Blink                 Tloc           34%        N/A       3%          2
b - Lesser Beckoning      Tloc           34%        N/A       3%          2
c - Maxwell's Portable P  Tloc           17%        2d(6-18)  7%          3
d - Teleport Other        Tloc           17%        N/A       7%          3

Your spell library contained the following spells:

 Spells                   Type           Power      Damage    Failure   Level
 Summon Ice Beast         Ice/Summ       7%         N/A       34%         3
 Vhi's Electric Charge    Tloc/Air       24%        N/A       45%         4
 Summon Mana Viper        Hex/Summ       7%         N/A       97%         5
 Monstrous Menagerie      Summ           3%         N/A       100%        7
 Chain Lightning          Conj/Air       3%         3d4       100%        9
 Fire Storm               Conj/Fire      3%         8d1       100%        9
 Shatter                  Erth           3%         3d7*      100%        9


Dungeon Overview and Level Annotations

Branches:
Dungeon (4/15)             Temple (1/1) D:4

Altars:
Cheibriados
Elyvilon
Fedhas
Kikubaaqudgha
Makhleb
Okawaru
Qazlal
Trog
Uskayaw
Vehumet
Xom
Yredelemnul
Zin

Shops:
D:2 !   D:3 (*[!

Annotations:
D:3 3 runed translucent doors, GrimJard's ghost, amateur MiFi
D:4 exclusion: sky beast


Innate Abilities, Weirdness & Mutations

You are a hulking beast.
Your limbs bulge with bestial killing power. (Slay +1)
You have very sharp teeth.
Your uncanny sense of smell can sniff out nearby items.
Your experience applies equally to all skills.


Message History

k - a scroll of amnesia Reactivating autopickup.
An orc wizard appears from thin air!
The orc wizard hits you with a +0 dagger.
* * * LOW HITPOINT WARNING * * *
Okay, then.
Casting: Teleport Other (dangerous; 7% risk of failure)
Confirm with . or Enter, or press ? or * to list all spells.
Casting: Maxwell's Portable Piledriver (dangerous; 7% risk of failure)
Press: ? - help, Dir - look around, f - activate Space contracts around you and the orc wizard and then re-expands violently!
The orc wizard collides with the orc!
You kill the orc!
You kill the orc wizard!
Your Shapeshifting skill increases to level 2!
Things that are here:
a +0 dagger; a +0 robe; an orc corpse You start resting.
Magic restored.
You start resting.
HP restored.
e - 12 boomerangs (gained 2)
Things that are here:
a +0 hand axe; a +0 short sword You now have 119 gold pieces (gained 13).
There is a staircase to the Ecumenical Temple here.
You climb downwards.
Welcome to the Ecumenical Temple!
Found a staircase back to the Dungeon.
There is a staircase back to the Dungeon here.
Search for what [Enter for "."]? goz Can't find anything matching that.
Unknown command.
You climb upwards.
Welcome back to the Dungeon!
Level annotation: exclusion: sky beast
There is a staircase to the Ecumenical Temple here.
You climb downwards.
Welcome back to the Ecumenical Temple!
There is a staircase back to the Dungeon here.
Search for what [Enter for "goz", or ? for help]? .
There is an iron altar of Okawaru here.
You kneel at the altar of Okawaru.
Are you sure you want to abandon this character and quit the game? (Confirm with "yes".)

.................................
_.........####.....####........._
.........## ##...## ##.........
...###...## #...# ##...###...
..###.....## ##...## ##.....###..
..##≈.....≈###.....###≈.....≈##..
..#.........#.......#.........#..
.................................
.......⌠........h........⌠.......
.................................
.##.........#.......#.........##.
####≈.....≈###.....###≈.....≈####
# ##.....#####...#####.....## # #
##...###≈≈.....≈≈###...## # ##
##.....##≈≈.....≈≈##.....## ##
.###.......#.........#.......###.
.................................


There were no monsters in sight!

Vanquished Creatures
  2 gnoll boudas
  3 orc priests
  An orc wizard (D:4)
  8 gnolls
  2 adders (D:3)
  A ribbon worm (D:4)
  A dart slug (D:2)
  8 orcs
  9 ball pythons
  7 endoplasms (D:1)
  2 giant cockroaches (D:4)
  14 goblins
  8 hobgoblins
  3 jackals (D:1)
  8 kobolds
  2 quokkas (D:1)
  7 bats
  5 frilled lizards
  7 rats
98 creatures vanquished.

Notes
Turn   | Place    | Note
-------+----------+-------------------------------------------
     0 | D:1      | Pim the Gnoll Warper began the quest for the Orb.
     0 | D:1      | Reached XP level 1. HP: 20/20 MP: 6/6
    70 | D:1      | Reached XP level 2. HP: 23/26 MP: 7/7
   315 | D:1      | Learned a level 2 spell: Blink
   318 | D:1      | Learned a level 2 spell: Lesser Beckoning
   341 | D:1      | Reached skill level 5 in Spellcasting
   341 | D:1      | Reached XP level 3. HP: 31/31 MP: 7/9
   577 | D:1      | Reached skill level 1 in Invocations
  1049 | D:2      | Found a shimmering altar of Xom.
  1161 | D:2      | Reached skill level 1 in Short Blades
  1161 | D:2      | Reached skill level 1 in Long Blades
  1161 | D:2      | Reached skill level 1 in Maces & Flails
  1161 | D:2      | Reached skill level 1 in Polearms
  1161 | D:2      | Reached skill level 1 in Staves
  1161 | D:2      | Reached skill level 1 in Ranged Weapons
  1161 | D:2      | Reached skill level 1 in Stealth
  1161 | D:2      | Reached skill level 1 in Shields
  1161 | D:2      | Reached skill level 1 in Unarmed Combat
  1161 | D:2      | Reached skill level 1 in Evocations
  1462 | D:2      | Reached skill level 1 in Shapeshifting
  1462 | D:2      | Reached XP level 4. HP: 38/38 MP: 11/11
  1533 | D:2      | Found Onorueh's Distillery.
  1538 | D:2      | Bought a potion of degeneration for 13 gold pieces
  1848 | D:3      | Learned a level 3 spell: Maxwell's Portable Piledriver
  1852 | D:3      | Learned a level 3 spell: Teleport Other
  1957 | D:3      | Reached skill level 1 in Conjurations
  1957 | D:3      | Reached skill level 1 in Hexes
  1957 | D:3      | Reached skill level 1 in Summonings
  1957 | D:3      | Reached skill level 1 in Necromancy
  1957 | D:3      | Reached skill level 1 in Fire Magic
  1957 | D:3      | Reached skill level 1 in Ice Magic
  1957 | D:3      | Reached skill level 1 in Air Magic
  1957 | D:3      | Reached skill level 1 in Earth Magic
  1957 | D:3      | Reached skill level 1 in Alchemy
  1971 | D:3      | Found Tommas's Antique Weapon Shop.
  2014 | D:3      | Reached XP level 5. HP: 12/43 MP: 12/12
  2162 | D:3      | Found Ito Nori's Assorted Antiques.
  2605 | D:3      | Found Wusyarr's Armour Shop.
  2731 | D:3      | Found a runed translucent gate.
  2731 | D:3      | Found a runed translucent gate.
  2732 | D:3      | Found a runed translucent gate.
  2732 | D:3      | Noticed a kobold brigand
  2732 | D:3      | Noticed GrimJard's ghost (amateur MiFi)
  2739 | D:3      | Found Ucies's Distillery.
  2752 | D:3      | Bought a potion of curing for 30 gold pieces
  2939 | D:4      | Reached XP level 6. HP: 40/50 MP: 11/14
  3122 | D:4      | Reached skill level 5 in Fighting
  3122 | D:4      | Reached skill level 5 in Axes
  3122 | D:4      | Reached skill level 5 in Dodging
  3321 | D:4      | Found a shimmering altar of Xom.
  3425 | D:4      | Noticed a sky beast
  3628 | D:4      | Found a staircase to the Ecumenical Temple.
  3814 | Temple   | Entered the Ecumenical Temple
  3828 | Temple   | Quit the game

Illustrated notes

Levels and vault maps discovered:
D:1:      dpeg_arrival_subterranean_lakeside_camping, layout_basic
D:2:      layout_basic, serial_shops, nicolae_shop_stone, basic_altar
D:3:      layout_loops_ring, serial_shops, shop, shop, shop, shop_fountains,
          gammafunk_ghost_nasty_kobolds
D:4:      layout_basic, mainiacjoe_overflow_chevrons,
          minmay_temple_entry_drinking_statues, chequers_serial_rivers_micro_a
Temple:   nicolae_temple_slightly_damp_pantheon

Skill      XL: |  1  2  3  4  5  6 |
---------------+-------------------+-----
Spellcasting   | 5 |  5.4
Invocations    | 1 2 |  2.4
Short Blades   | 1 2 |  2.1
Long Blades    | 1 2 |  2.1
Maces & Flails | 1 2 |  2.1
Polearms       | 1 2 |  2.1
Staves         | 1 2 |  2.1
Ranged Weapons | 1 2 |  2.1
Stealth        | 1 2 |  2.1
Shields        | 1 2 |  2.1
Unarmed Combat | 1 2 |  2.1
Evocations     | 1 2 |  2.1
Shapeshifting  | 1 2 |  2.0
Conjurations   | 1 |  1.7
Hexes          | 1 |  1.7
Summonings     | 1 |  1.7
Necromancy     | 1 |  1.7
Fire Magic     | 1 |  1.7
Ice Magic      | 1 |  1.7
Air Magic      | 1 |  1.7
Earth Magic    | 1 |  1.7
Alchemy        | 1 |  1.7
Throwing       | 3 |  3.4
Armour         | 3 |  3.4
Fighting       | 5 |  5.1
Axes           | 5 |  5.1
Dodging        | 5 |  5.1
Translocations | |  5.7

Action                     |  1- 3 |  4- 6 || total
---------------------------+-------+-------++-------
  Melee: Hand axe          |   103 |       ||   103
         Bite              |     7 |     9 ||    16
         Dagger            |    19 |    98 ||   117
         Halberd           |       |    15 ||    15
  Throw: Boomerang         |       |     3 ||     3
         Dart              |       |     1 ||     1
   Cast: Blink             |       |     5 ||     5
         Teleport Other    |       |     3 ||     3
         Maxwell's Portabl |       |     7 ||     7
         Lesser Beckoning  |       |     2 ||     2
    Use: Scroll            |       |     1 ||     1
         Potion            |       |     1 ||     1
   Stab: Sleeping          |     2 |     2 ||     4
 Armour: Leather armour    |    69 |    72 ||   141
  Dodge: Dodged            |    71 |    79 ||   150
   Form: Beast             |     1 |       ||     1

Table legend: (Time is in decaauts)
 A = Elapsed time spent in this place.
 B = Non-inter-level travel time spent in this place.
 C = Inter-level travel time spent in this place.
 D = Time resting spent in this place.
 E = Time spent auto-exploring this place.
 F = Levels seen in this place.
 G = Mean time per level.
                   A        B        C        D        E       F      G
               +--------+--------+--------+--------+--------+-----+--------+
         Total |   3848 |   3770 |     78 |    564 |   2406 |   5 |  769.6 |
       Dungeon |   3836 |   3767 |     69 |    564 |   2406 |   4 |  959.0 |
        Temple |     12 |      3 |      9 |      0 |      0 |   1 |   12.0 |
               +--------+--------+--------+--------+--------+-----+--------+

Top non-repeatable levels by time:
     D:3: 1248 daAuts
     D:1: 1035 daAuts
     D:2: 816 daAuts
     D:4: 735 daAuts
  Temple: 12 daAuts
